 Dungeon Crawl Stone Soup version 0.28.0-53-g5a82cb258f (webtiles) character file.

Game seed: 7032863614121993808

409 hawla the Firebug (level 6, -2/24 HPs)
             Began as a Felid Fire Elementalist on June 6, 2022.
             Was an Initiate of Vehumet.
             Slain by an orc warrior
             ... wielding a +0 war axe
              (11 damage)
             ... on level 6 of the Dungeon.
             The game lasted 00:13:27 (4444 turns).

hawla the Firebug (Felid Fire Elementalist)         Turns: 4444, Time: 00:13:27

Health: -2/24      AC:  2    Str:  4    XL:     6   Next: 58%
Magic:  11/11      EV: 18    Int: 18    God:    Vehumet [......]
Gold:   135        SH:  0    Dex: 17    Spells: 4/11 levels left
                                        Lives:  0   Deaths: 1

rFire   . . .      SeeInvis +     - Unarmed
rCold   . . .      Faith    .   (shield unavailable)
rNeg    . . .      Spirit   .   (armour unavailable)
rPois   .          Reflect  .   (helmet unavailable)
rElec   .          Harm     .   (cloak unavailable)
rCorr   .          Rampage  .   (gloves unavailable)
Will    +....                   (boots unavailable)
Stlth   +++.......              (no amulet)
HPRegen 0.08/turn               a - ring of willpower
MPRegen 0.12/turn               (no ring)

@: quick
A: very small, claws 1, fangs 3, see invisible, speed 1, shaggy fur 2, stealthy
paws, no weapons or thrown items, no armour, multi-lived
a: Renounce Religion


You were on level 6 of the Dungeon.
You worshipped Vehumet.
Vehumet was noncommittal.
You visited 2 branches of the dungeon, and saw 7 of its levels.

You collected 135 gold pieces.

Inventory:

Jewellery
 a - a ring of willpower (left paw)
Scrolls
 d - a scroll of immolation
 e - a scroll of identify
Potions
 b - 5 potions of mutation {unknown}
 c - a potion of curing
 f - a potion of flight {unknown}
 g - 2 potions of heal wounds {unknown}
 i - a potion of berserk rage {unknown}
 l - a potion of lignification {unknown}


   Skills:
 + Level 0.1 Fighting
 + Level 3.2 Dodging
 - Level 3.7 Stealth
 - Level 1.1 Unarmed Combat
 - Level 3.2 Spellcasting
 * Level 2.6 Conjurations
 * Level 6.1 Fire Magic


You had 4 spell levels left.
You knew the following spells:

 Your Spells              Type           Power      Damage    Failure   Level
a - Foxfire               Conj/Fire      72%        2x1d7     2%          1
b - Scorch                Fire           50%        2d7       1%          2
c - Flame Wave            Conj/Fire      18%        2d6       26%         4

Your spell library contained the following spells:

 Spells                   Type           Power      Damage    Failure   Level
 Conjure Flame            Conj/Fire      18%        6-21      8%          3
 Inner Flame              Hex/Fire       14%        N/A       14%         3
 Gell's Gravitas          Tloc           2%         N/A       43%         3
 Lesser Beckoning         Tloc           2%         N/A       43%         3
 Teleport Other           Tloc           2%         N/A       43%         3


Dungeon Overview and Level Annotations

Branches:
Dungeon (6/15)             Temple (1/1) D:6

Altars:
Ashenzari
Cheibriados
Elyvilon
Fedhas
Makhleb
Okawaru
Qazlal
Ru
Vehumet
Wu Jian
Xom
Yredelemnul
Zin

Annotations:
D:3 2 transporters, SpoonFarmer's ghost, weakling DrCj
D:6 Sigmund


Innate Abilities, Weirdness & Mutations

You have sharp claws.
You have razor-sharp teeth.
You have supernaturally acute eyesight. (SInv)
You cover ground quickly. (Speed+)
You are covered in thick fur. (AC +2)
Your paws help you pounce on unaware monsters.
You are incapable of wielding weapons or throwing items.
You cannot wear armour.
You gain extra lives every three experience levels.


Message History

The orc priest shouts!
The orc hits you but does no damage. The orc closely misses you.
You climb downwards.
Welcome back to the Ecumenical Temple!
There is a staircase back to the Dungeon, spattered with blood here.
Casting: Scorch (safe; 1% risk of failure)
Confirm with . or Enter, or press ? or * to list all spells.
Flames lash the orc.
You kill the orc!
Vehumet accepts your kill. The orc misses you.
Casting: Scorch (safe; 1% risk of failure)
Confirm with . or Enter, or press ? or * to list all spells.
Flames lash the orc.
You kill the orc!
Vehumet accepts your kill.
You start resting.
Magic restored.
You start resting.
HP restored.
Things that are here:
a +0 club; a +0 leather armour
There is a staircase back to the Dungeon, spattered with blood here.
You can't go down here!
You climb upwards.
Welcome back to the Dungeon!
Level annotation: Sigmund An orc wizard comes into view.
It is wielding a +2 dagger of venom.
The water moccasin zombie bites you.
The orc warrior hits you with a +0 war axe!
The orc priest begins to cast a cantrip, but forgets the words!
The water moccasin zombie bites you but does no damage.
The orc warrior closely misses you.
There is a staircase to the Ecumenical Temple here.
Really read the scroll of immolation? [Y]es or [N]o only, please.
Really read the scroll of immolation?
As you read the scroll of immolation, it crumbles to dust.
The creatures around you are filled with an inner flame!
The water moccasin zombie barely misses you.
The orc warrior hits you with a +0 war axe!
You die...

##.. ... .. ..
###. .. .. #.
######o##.# #.
#......o..#
####...#.#...#
#.....#o#.#..#
#....#.#.#.#.#
#.....#Z@.#..#.#
#....#.#o#.#...#
#.....#.#.#.....
#......#.#.o.o..
.####.........###
..............#
#######.#######
#.# #.#


You could see an orc warrior (inner flame), 2 orc priests, 2 orc wizards, an orc
(inner flame) and a water moccasin zombie (inner flame).

Vanquished Creatures
  A water moccasin (Temple)
  A black bear (D:4)
  A necrophage (D:3)
  A wyvern skeleton (D:6)
  A wight (D:6)
  A gnoll shaman (D:5)
  An iguana (D:5)
  2 bullfrog skeletons (D:6)
  A howler monkey zombie (D:5)
  3 gnolls
  4 adders
  A river rat (D:3)
  3 worms (D:3)
  8 orcs
  2 bats (D:1)
  4 giant cockroaches
  3 goblins
  3 hobgoblins (D:3)
  3 jackals (D:2)
  A quokka (D:3)
  4 ball pythons
  3 frilled lizards
  6 kobolds
  6 rats
64 creatures vanquished.

Vanquished Creatures (others)
  141 foxfires
141 creatures vanquished.

Grand Total: 205 creatures vanquished

Notes
Turn   | Place    | Note
-------+----------+-------------------------------------------
     0 | D:1      | hawla the Felid Fire Elementalist began the quest for the
                  | Orb.
     0 | D:1      | Reached XP level 1. HP: 7/7 MP: 4/4
    85 | D:1      | Found a faded altar of an unknown god.
   384 | D:1      | Reached skill level 3 in Fire Magic
   627 | D:1      | Reached XP level 2. HP: 11/11 MP: 3/6
  1158 | D:2      | Found a snail-covered altar of Cheibriados.
  1173 | D:2      | Identified the +5 spear "Gadefethre" {spect, rF+}
  1247 | D:2      | Learned a level 2 spell: Scorch
  1749 | D:3      | Reached skill level 1 in Conjurations
  1749 | D:3      | Reached XP level 3. HP: 10/14 MP: 3/7
  1885 | D:3      | Found a transporter.
  1888 | D:3      | Found a transporter.
  1888 | D:3      | Noticed SpoonFarmer's ghost (weakling DrCj)
  2056 | D:3      | Noticed a necrophage
  2061 | D:3      | Killed a necrophage
  2062 | D:3      | Reached skill level 1 in Unarmed Combat
  2062 | D:3      | Reached XP level 4. HP: 18/18 MP: 0/9
  2160 | D:3      | Reached XP level 5. HP: 10/21 MP: 2/10
  2317 | D:3      | Found a glowing drain.
  2598 | D:2      | Learned a level 4 spell: Flame Wave
  2726 | D:3      | Reached skill level 4 in Fire Magic
  2845 | D:3      | Found an iron altar of Okawaru.
  2946 | D:3      | Found a broken altar of Ashenzari.
  3077 | D:4      | Noticed a black bear
  3080 | D:4      | Noticed an ogre
  3084 | D:4      | Noticed an ogre
  3085 | D:4      | Killed a black bear
  3086 | D:4      | Gained mutation: You are covered in thick fur. (AC +2)
                  | [Felid growth]
  3086 | D:4      | Reached XP level 6. HP: 24/24 MP: 0/11
  3193 | D:5      | Entered Level 5 of the Dungeon
  3452 | D:5      | Reached skill level 5 in Fire Magic
  3740 | D:5      | Found a sacrificial altar of Ru.
  3744 | D:5      | You fall into a shaft and drop 1 floor!
  4017 | D:6      | Slain by a wight
  4018 | D:6      | Reached XP level 5. HP: -3/21 MP: 4/10
  4018 | D:6      | Reached XP level 6. HP: 24/24 MP: 11/11
  4061 | D:6      | Found a staircase to the Ecumenical Temple.
  4062 | D:6      | Noticed a water moccasin
  4067 | D:6      | Noticed an orc warrior
  4067 | D:6      | Noticed Sigmund
  4070 | Temple   | Entered the Ecumenical Temple
  4073 | Temple   | Killed a water moccasin
  4074 | Temple   | Reached skill level 6 in Fire Magic
  4353 | Temple   | Became a worshipper of Vehumet
  4444 | D:6      | Slain by an orc warrior

Illustrated notes

Levels and vault maps discovered:
D:1:      dpeg_arrival_arbitrary_a, layout_loops_corners,
          ebering_ecumenical_altar_sacrificial, kennysheep_decorative_pillar
D:2:      layout_basic, basic_altar, nicolae_concentric_dashed_squares_wild
D:3:      layout_rooms, okawaru_altar_gauntlet_db, lemuel_round_altar,
          gup_sewer_entry_spiral, gammafunk_ghost_arena
D:4:      layout_rooms, minmay_curled_crystal, uniq_natasha
D:5:      minmay_polygon_palace, layout_basic, lemuel_tele_altar, corexii_shack,
          kennysheep_small_circle
D:6:      layout_basic, nicolae_uskayaw_dance_studio, minmay_temple_entry_grid,
          uniq_duvessa, uniq_sigmund
Temple:   jpeg_temple_alley_garden

Skill      XL: |  1  2  3  4  5  6 |
---------------+-------------------+-----
Fire Magic     | 3 4 6 |  6.1
Conjurations   | 1 2 |  2.6
Stealth        | 3 |  3.7
Unarmed Combat | 1 |  1.1
Spellcasting   | 3 |  3.2
Dodging        | 3 |  3.2
Fighting       | |  0.1

Action                   |  1- 3 |  4- 6 || total
-------------------------+-------+-------++-------
Melee: Unarmed           |    22 |    33 ||    55
       Bite              |     2 |     4 ||     6
       Punch             |       |     1 ||     1
 Cast: Foxfire           |    26 |    58 ||    84
       Scorch            |     8 |    34 ||    42
  Use: Scroll            |     8 |     2 ||    10
 Stab: Sleeping          |     3 |     2 ||     5
Armor: Skin              |     1 |     5 ||     6
Dodge: Dodged            |    22 |    46 ||    68
